 Dungeon Crawl Stone Soup version 0.26-a0-264-g3a471323bd (webtiles) character file.

Game seed: 9512140097575288076

32 BritishOli the Skirmisher (level 3, 29/29 HPs)
             Began as a Demonspawn Fighter on July 11, 2020.
             Quit the game on level 1 of the Dungeon.
             The game lasted 00:00:59 (516 turns).

BritishOli the Skirmisher (Demonspawn Fighter)       Turns: 516, Time: 00:01:00

Health: 29/29      AC:  8    Str: 17    XL:     3   Next: 8%
Magic:  3/3        EV:  7    Int:  9    God:
Gold:   24         SH:  9    Dex: 12    Spells: 2/2 levels left

rFire    . . .     SeeInvis .   a - +0 long sword
rCold    . . .     Faith    .   c - +0 kite shield
rNeg     . . .     Spirit   .   b - +0 scale mail
rPois    .         Reflect  .   (no helmet)
rElec    .         Harm     .   (no cloak)
rCorr    .                      (no gloves)
MR       .....                  (no boots)
Stlth    +.........             (no amulet)
HPRegen  0.09/turn              (no ring)
MPRegen  0.08/turn              (no ring)

@: no status effects
A: thin metallic scales 1, nightstalker 1
a: no special abilities


You were on level 1 of the Dungeon.
You were not hungry.

You visited 1 branch of the dungeon, and saw 1 of its levels.

You collected 24 gold pieces.

Inventory:

Hand Weapons
 a - a +0 long sword (weapon)
Armour
 b - a +0 scale mail (worn)
 c - a +0 kite shield (worn)
Scrolls
 e - a scroll of identify {unknown}
Potions
 d - a potion of might
Comestibles
 f - 4 rations


   Skills:
 + Level 3.4 Fighting
 + Level 2.1 Long Blades
 + Level 2.9 Armour
 + Level 3.1 Shields


You had 2 spell levels left.
You didn't know any spells.
Your spell library was empty.

Dungeon Overview and Level Annotations

Branches:
Dungeon (1/15)

Altars:


Innate Abilities, Weirdness & Mutations

You are partially covered in thin metallic scales. (AC +2)
You are slightly more attuned to the shadows.


Message History

Your shield and scale mail prevent you from hitting the ooze.
The ooze is lightly wounded.
You block the kobold's attack. The kobold hits you but does no damage.
The rat barely misses you. You block the ooze's attack.
A rat comes into view.
A goblin comes into view.
Things that are here:
a stone; 13 gold pieces You hit the ooze.
The ooze is heavily wounded.
The ooze hits you but does no damage.
You slash the ooze!
You kill the ooze!
You have reached level 3!
Your experience leads to an increase in your attributes!
Increase (S)trength, (I)ntelligence, or (D)exterity?
You feel stronger.
Your demonic ancestry asserts itself...
You slip into the darkness of the dungeon.
The rat closely misses you.
Are you sure you want to abandon this character and quit the game? (Confirm with "yes".)

# #.# #. #.# ######
#.. ####.# #....# #...
.r##.# #....#
#....##K...#
#....######
#.ggK.#.###....##...##
##%#r##..##....##.....
..###@†.†.'....'......
..##
#%##.###....##..... ##
.=. #.# #....##....[
....# ..# #....##.....
###.# ####
#######..... #. #.....
. #..... .. #...##
#####


You could see 2 goblins, 2 kobolds and 2 rats.

Vanquished Creatures
  An ooze (D:1)
  A dart slug (D:1)
  A ball python (D:1)
  A giant cockroach (D:1)
  4 goblins (D:1)
  2 hobgoblins (D:1)
  6 jackals (D:1)
  3 bats (D:1)
  2 frilled lizards (D:1)
  2 kobolds (D:1)
23 creatures vanquished.

Notes
Turn   | Place    | Note
-------+----------+-------------------------------------------
     0 | D:1      | BritishOli the Demonspawn Fighter began the quest for the
                  | Orb.
     0 | D:1      | Reached XP level 1. HP: 18/18 MP: 1/1
   171 | D:1      | Gained mutation: You are partially covered in thin metallic
                  | scales. (AC +2) [demonic ancestry]
   171 | D:1      | Reached XP level 2. HP: 24/24 MP: 2/2
   515 | D:1      | Gained mutation: You are slightly more attuned to the
                  | shadows. [demonic ancestry]
   515 | D:1      | Reached XP level 3. HP: 29/29 MP: 3/3
   516 | D:1      | Quit the game

Illustrated notes

Levels and vault maps discovered:
D:1:      erik_arrival_cave_to_civilisation [erik_arrival_cave_to_temple],
          layout_basic, serial_curves, eino_curves_04, eino_curves_01,
          minmay_tall_x

Skill      XL: |  1  2 |
---------------+-------+-----
Shields        | 3 |  3.1
Long Blades    | 2 |  2.1
Fighting       | |  3.4
Armour         | |  2.9

Action                   || total
-------------------------++-------
Melee: Long sword        ||    73
Armor: Scale mail        ||    47
Dodge: Dodged            ||    25
Block: Kite shield       ||    40
       Rpst.: Long sword ||    10

Table legend:
 A = Non-vault XP
 B = Vault XP
 C = Vault XP percentage of total XP
 D = Non-vault monster count
 E = Vault monster count
 F = Vault count percentage of total count
                 A         B        C        D         E       F
            +---------+---------+-------+---------+---------+-------
      Total |      37 |       9 |  19.6 |      21 |       2 |   8.7
            +---------+---------+-------+---------+---------+-------
        D:1 |      37 |       9 |  19.6 |      21 |       2 |   8.7
            +---------+---------+-------+---------+---------+-------
